 Dungeon Crawl Stone Soup version 0.29-a0-542-g075992c915 (console) character file.

Game seed: 6236615014790326500

273 Banquo the Covered (level 6, 0/47 HPs)
             Began as a Djinni Fighter on June 3, 2022.
             Splashed by a jelly's acid (8 damage)
             ... in a sewer.
             The game lasted 00:09:50 (3885 turns).

Banquo the Covered (Djinni Fighter)                 Turns: 3885, Time: 00:09:51

Health: 0/47       AC: -3    Str: 15    XL:     6   Next: 48%
Gold:   301        EV:  9    Int: 12    God:
                   SH:  4    Dex: 12

rFire   + . .      SeeInvis .   a - +1 war axe
rCold   . . .      Faith    .   i - +0 buckler
rNeg    . . .      Spirit   .   d - +0 scale mail
rPois   ∞          Reflect  .   (no helmet)
rElec   .          Harm     .   (no cloak)
rCorr   .          Rampage  .   g - +0 pair of gloves
Will    +....                   (boots unavailable)
Stlth   ..........              (no amulet)
HPRegen 0.15/turn               p - ring of willpower
MPRegen 0.00/turn               B - ring of ice

@: corroded, flying
A: sickness immunity, fire resistance 2, cold vulnerability 1, float, innate
caster, HP casting, extra vitality 1
a: no special abilities


You were in a sewer.
You visited 1 branch of the dungeon, and saw 4 of its levels.
You also visited: Sewer.

You collected 301 gold pieces.

Inventory:

Hand Weapons
 a - a +1 war axe (weapon)
 t - a +0 trident
Missiles
 q - 65 stones (quivered)
 x - 3 boomerangs
Armour
 d - a +0 scale mail (worn)
 g - a +0 pair of gloves (worn)
 i - a +0 buckler (worn)
 y - a +0 leather armour
Magical Staves
 u - a staff of cold
Jewellery
 p - a ring of willpower (left hand)
 B - a ring of ice (right hand)
Scrolls
 c - a scroll of torment {unknown}
 f - 2 scrolls of amnesia
 j - a scroll of enchant weapon
 n - a scroll of immolation
Potions
 b - a potion of might
 e - 3 potions of curing {unknown}
 v - a potion of ambrosia
 w - 3 potions of mutation {unknown}
 z - a potion of brilliance {unknown}
 A - a potion of lignification {unknown}


   Skills:
 * Level 3.8 Fighting
 * Level 3.8 Axes
 + Level 3.9 Armour
 + Level 1.4 Dodging
 + Level 3.2 Shields
 * Level 0.4 Spellcasting


You had 2 spell levels left.
You knew the following spells:

 Your Spells              Type           Power      Damage    Failure   Level
a - Necrotize             Necr           4%         1d4       78%         1
b - Scorch                Fire           2%         2d5       89%         2
Your spell library was empty.

Dungeon Overview and Level Annotations

Branches:
Dungeon (4/15)              Sewer (1/1)
 Temple: D:4-7

Altars:


Innate Abilities, Weirdness & Mutations

You are immune to sickness and miasma.
You are immune to poison.
Your flesh is very heat resistant. (rF++)
You are vulnerable to cold. (rC-)
You float through the air rather than walking.
You learn spells naturally, not from books.
Your magical power is your life essence.
You have superior vitality. (+4 MHP)


Message History

You closely miss the adder. You block the adder's attack. The adder misses you.
You slash the adder!
You kill the adder!
The worm bites you!
You slash the worm!
The worm is almost dead.
You block the worm's attack.
You hit the worm.
The worm is almost dead.
The worm misses you.
You hit the worm.
The worm is almost dead.
You slash the worm!
You kill the worm!
No target in view!
You start resting.
HP restored.
A jelly comes into view.
Found a bubbling orange potion.
You block the jelly's attack.
You slash the jelly! The acid corrodes you!
Your hands burn!
The jelly is heavily wounded.
The jelly closely misses you.
You hit the jelly.
Your hands burn!
The jelly is severely wounded.
The jelly hits you. The acid corrodes you!
You are splashed with acid!
You hit the jelly.
Your hands burn!
The jelly is almost dead.
The jelly hits you.
You are splashed with acid!
The jelly hits you. The acid corrodes you!
You are splashed with acid!
* * * LOW HITPOINT WARNING * * *
You are too injured to fight recklessly!
You are too injured to fight recklessly!
You are too injured to fight recklessly!
You barely miss the jelly.
The jelly is almost dead.
The jelly hits you.
* * * LOW HITPOINT WARNING * * *
You are splashed with acid!
You die...

#.≈.≈≈≈.≈#≈≈≈..#########.....#
#.≈##.≈.##≈≈.### ###..≈#
#≈.≈##.##...## ##.≈#
##≈.≈###≈.≈≈# #..# ##≈.≈†....##
#.≈# ###.≈.†≈≈###* ###########..#
**#≈.≈..≈≈##..## #≈.......≈≈≈.#
*#≈....≈≈≈.##!≈J###≈.≈....≈≈.≈≈#
*#...≈.≈≈#.≈≈##≈@≈##≈.###########
*≈..##...##≈≈≈##.≈##≈.# ###
*.≈##...≈≈##≈≈≈..≈##.≈# #≈≈
,..*#≈.#≈!,#..≈..###≈.#########≈.
≈,≈*#.≈##!*#.≈#### #≈.≈†....!.≈.≈
≈≈**#.≈≈**#.≈≈# #.≈≈≈≈≈≈≈≈....
,≈,***∩,≈.≈≈..# ############≈≈
,≈,* **,≈.≈.≈## #≈≈ *,≈**
*###≈.## ###


You could see a jelly.

Vanquished Creatures
  2 hounds
  A jelly (Sewer)
  An iguana (D:3)
  4 adders
  A gnoll (D:3)
  A river rat (D:4)
  2 worms
  2 dart slugs
  An orc (D:3)
  9 ball pythons
  10 endoplasms
  6 giant cockroaches
  8 goblins
  5 hobgoblins
  8 jackals (D:1)
  8 kobolds
  2 quokkas (D:1)
  7 bats
  4 frilled lizards
  11 rats
93 creatures vanquished.

Notes
Turn   | Place    | Note
-------+----------+-------------------------------------------
     0 | D:1      | Banquo the Djinni Fighter began the quest for the Orb.
     0 | D:1      | Reached XP level 1. HP: 20/20 MP: 0/0
    95 | D:1      | Reached XP level 2. HP: 24/25 MP: 0/0
   580 | D:1      | Reached XP level 3. HP: 29/30 MP: 0/0
   580 | D:1      | Learned a level 1 spell: Necrotize
  1005 | D:1      | Found a faded altar of an unknown god.
  1442 | D:2      | Reached XP level 4. HP: 33/35 MP: 0/0
  2257 | D:3      | Reached XP level 5. HP: 41/41 MP: 0/0
  2257 | D:3      | Learned a level 2 spell: Scorch
  2593 | D:2      | Reached skill level 1 in Dodging
  3027 | D:3      | Reached XP level 6. HP: 43/47 MP: 0/0
  3388 | D:4      | Found a glowing drain.
  3422 | Sewer    | Entered a sewer
  3885 | Sewer    | Splashed by a jelly's acid

Illustrated notes

Levels and vault maps discovered:
D:1:      sevenhm_arrival_forest_fort_small_5, layout_basic,
          basic_ecumenical_altar, minmay_hedge_maze, minmay_fountain_box
D:2:      layout_basic
D:3:      layout_basic, cheibrodos_gnoll_hut
D:4:      layout_loops_ring, regret_index_temple_of_mockery,
          lightli_sewer_entry_pipes, uniq_robin
Sewer:    sewer_hellmonk_slimy_pipes

Skill      XL: |  1  2  3  4  5 |
---------------+----------------+-----
Axes           | 2 3 |  3.8
Dodging        | 1 |  1.4
Fighting       | |  3.8
Armour         | |  3.9
Shields        | |  3.2
Spellcasting   | |  0.4

Action                   |  1- 3 |  4- 6 || total
-------------------------+-------+-------++-------
Melee: War axe           |   102 |   159 ||   261
  Use: Scroll            |       |    10 ||    10
Armor: Scale mail        |    54 |    82 ||   136
Dodge: Dodged            |    52 |    84 ||   136
Block: Buckler           |    28 |    48 ||    76

Table legend: (Time is in decaauts)
 A = Elapsed time spent in this place.
 B = Non-inter-level travel time spent in this place.
 C = Inter-level travel time spent in this place.
 D = Time resting spent in this place.
 E = Time spent auto-exploring this place.
 F = Levels seen in this place.
 G = Mean time per level.
                   A        B        C        D        E       F      G
               +--------+--------+--------+--------+--------+-----+--------+
         Total |   3991 |   3712 |    279 |    383 |   2399 |   5 |  798.2 |
       Dungeon |   3516 |   3237 |    279 |     87 |   2399 |   4 |  879.0 |
         Sewer |    475 |    475 |      0 |    296 |      0 |   1 |  475.0 |
               +--------+--------+--------+--------+--------+-----+--------+

Top non-repeatable levels by time:
     D:1: 1244 daAuts
     D:3: 1167 daAuts
     D:2: 979 daAuts
   Sewer: 475 daAuts
     D:4: 124 daAuts
